 Dungeon Crawl Stone Soup version 0.29-a0-490-g77b3608bb8 (webtiles) character file.

Game seed: 9473765615250070758

40572 freelancePsychic the Basher (level 14, -10/113 HPs)
             Began as a Gnoll Wanderer on May 26, 2022.
             Was an Elder of Ashenzari.
             Mangled by a reaper
             ... wielding a +1 vorpal scythe
              (31 damage)
             ... in a Gauntlet.
             The game lasted 00:44:25 (20875 turns).

freelancePsychic the Basher (Gnoll Wanderer)       Turns: 20875, Time: 00:44:25

Health: -10/113    AC: 20    Str: 11    XL:     14   Next: 11%
Magic:  35/39      EV: 20    Int: 13    God:    Ashenzari [****..]
Gold:   746        SH:  0    Dex: 21    Spells: 17/35 levels left

rFire   . . .      SeeInvis +   O - +1 demon whip (venom)
rCold   + . .      Faith    .   (no shield)
rNeg    . . .      Spirit   .   H - +1 acid dragon scales "Ensconced Together" {rCorr, Comp, Fort} (curse)
rPois   .          Reflect  .   I - +3 hat of Pondering {ponderous, Will+ MP+10 Int+5, Comp, Cun} (curse)
rElec   .          Harm     .   c - +2 cloak "Adversity of the Sky" {Comp, Fort} (curse)
rCorr   +          Rampage  .   (no gloves)
Will    +++..      Clarity  +   E - +2 pair of boots "At What Cost Knowledge?" {Stlth+, Fort, Self} (curse)
Stlth   ++++++.... NoTele   +   D - amulet of Ashenzari's Repose {Regen+, Elem, Alch} (curse)
HPRegen 1.08/turn               q - ring "Per Aspera Ad Scientiam" {Will+, Cun, Melee} (curse)
MPRegen 0.26/turn               R - ring "Pragmatism of Ashenzari" {rC+, Alch, Evo} (curse)

@: slow
A: fangs 1, strong nose, distributed training
a: Renounce Religion, Curse Item, Shatter the Chains


You were in a Gauntlet.
You worshipped Ashenzari.
Ashenzari was greatly pleased with you.
You visited 3 branches of the dungeon, and saw 20 of its levels.
You also visited: Sewer and Gauntlet.

You collected 987 gold pieces.
You spent 241 gold pieces at shops.

Inventory:

Hand Weapons
 a - a +0 vorpal shortbow
 b - a +0 mace
 G - a +2 whip of venom
 M - a +3 longbow
 O - a +1 demon whip of venom (weapon)
Missiles
 F - 4 throwing nets (quivered)
 K - 19 poisoned darts
Armour
 c - the cursed +2 cloak "Adversity of the Sky" (worn) {Comp, Fort}

   It has a curse which improves the following skills: Companions: Summonings
   and Necromancy.
   Fortitude: Armour and Shields.
 h - a +0 pair of boots
 r - a +0 ring mail of cold resistance
 E - the cursed +2 pair of boots "At What Cost Knowledge?" (worn) {Stlth+, Fort, Self}
   (You found it on level 8 of the Dungeon)

   It has a curse which improves the following skills: Fortitude: Armour and
   Shields.
   Introspection: Fighting and Spellcasting.
 H - the cursed +1 acid dragon scales "Ensconced Together" (worn) {rCorr, Comp, Fort}
   (You found it on level 9 of the Dungeon)

   rCorr:     It protects you from acid and corrosion.
   It has a curse which improves the following skills: Companions: Summonings
   and Necromancy.
   Fortitude: Armour and Shields.
 I - the cursed +3 hat of Pondering (worn) {ponderous, Will+ MP+10 Int+5, Comp, Cun}
   (You took it off Gastronok on level 1 of the Lair of Beasts)

   Int:       It affects your intelligence (+5).
   MP:        It affects your magic capacity (+10).
   Will:      It increases your willpower.
   It has a curse which improves the following skills: Companions: Summonings
   and Necromancy.
   Cunning:   Dodging and Stealth.
Jewellery
 e - an amulet of magic regeneration
 n - the ring "Wowaun" {rCorr Str+4}
   (You found it in a Gauntlet)

   [ring of resist corrosion]

   Str:       It affects your strength (+4).
   rCorr:     It protects you from acid and corrosion.
 p - the ring of Lady Luck {rC- Will++ AC+4 Dex+3}
   (You found it in a Gauntlet)

   [ring of protection]

   AC:        It affects your AC (+4).
   Dex:       It affects your dexterity (+3).
   rC:        It makes you vulnerable to cold.
   Will:      It greatly increases your willpower.
 q - the cursed ring "Per Aspera Ad Scientiam" (left hand) {Will+, Cun, Melee}
   (You found it on level 2 of the Dungeon)

   [ring of willpower]

   Will:      It increases your willpower.
   It has a curse which improves the following skills: Cunning: Dodging and
   Stealth.
   Melee Combat: Short Blades, Long Blades, Axes, Maces & Flails, Polearms,
   Staves and Unarmed Combat.
 z - a ring of magical power
 B - a ring of willpower
 D - the cursed amulet of Ashenzari's Repose (around neck) {Regen+, Elem, Alch}
   (You found it on level 8 of the Dungeon)

   [amulet of regeneration]

   Regen:     It increases your rate of health regeneration.
   It has a curse which improves the following skills: Elements: Fire Magic, Ice
   Magic, Air Magic and Earth Magic.
   Alchemy:   Poison Magic and Transmutations.
 R - the cursed ring "Pragmatism of Ashenzari" (right hand) {rC+, Alch, Evo}
   (You found it on level 2 of the Lair of Beasts)

   [ring of protection from cold]

   rC:        It protects you from cold.
   It has a curse which improves the following skills: Alchemy: Poison Magic and
   Transmutations.
   Evocations: Evocations.
 S - a ring of fire
Wands
 f - a wand of digging (4)
 N - a wand of polymorph (1)
 P - a wand of flame (5)
 T - a wand of charming (7)
Scrolls
 d - 3 scrolls of fear
 g - 6 scrolls of vulnerability
 i - 11 scrolls of teleportation {@r4}
 k - 3 scrolls of immolation
 l - 4 scrolls of amnesia
 m - a scroll of enchant armour
 o - a scroll of blinking
 s - 3 scrolls of fog
 t - 2 scrolls of magic mapping
 x - 3 scrolls of silence
 y - 2 scrolls of torment
 Q - 2 scrolls of enchant weapon
Potions
 j - a potion of invisibility
 u - a potion of mutation
 v - a potion of curing {@q1}
 w - 5 potions of degeneration
 A - 5 potions of lignification
 J - 2 potions of brilliance
 L - 2 potions of ambrosia
 U - a potion of flight


   Skills:
 + Level 9.3(11.3) Fighting
 + Level 8.9(10.9) Short Blades
 + Level 8.9(10.9) Long Blades
 + Level 8.9(10.9) Axes
 + Level 11.1(13.0) Maces & Flails
 + Level 8.9(10.9) Polearms
 + Level 8.9(10.9) Staves
 + Level 8.9 Slings
 + Level 10.1 Bows
 + Level 8.9 Crossbows
 + Level 8.9 Throwing
 + Level 8.9(12.8) Armour
 + Level 9.3(12.3) Dodging
 + Level 9.9(12.9) Stealth
 + Level 8.9(12.8) Shields
 + Level 8.9(10.9) Unarmed Combat
 + Level 9.4(11.4) Spellcasting
 + Level 7.4 Conjurations
 + Level 7.4 Hexes
 + Level 7.4(11.3) Summonings
 + Level 7.4(11.3) Necromancy
 + Level 7.4 Translocations
 + Level 7.4(10.4) Transmutations
 + Level 7.4(9.4) Fire Magic
 + Level 7.4(9.4) Ice Magic
 + Level 7.4(9.4) Air Magic
 + Level 7.4(9.4) Earth Magic
 + Level 7.4(10.4) Poison Magic
 + Level 9.7 Invocations
 + Level 8.9(10.9) Evocations


You had 17 spell levels left.
You knew the following spells:

 Your Spells              Type           Power      Damage    Failure   Level
a - Ozocubu's Armour      Ice            32%        N/A       1%          3
b - Summon Lightning Spi  Summ/Air       34%        N/A       1%          4
c - Summon Forest         Summ/Tloc      15%        N/A       8%          5
d - Eringya's Noxious Bo  Tmut/Pois      17%        N/A       28%         6

Your spell library contained the following spells:

 Spells                   Type           Power      Damage    Failure   Level
 Confusing Touch          Hex            26%        N/A       1%          3
 Gell's Gravitas          Tloc           26%        N/A       1%          3
 Inner Flame              Hex/Fire       29%        N/A       1%          3
 Lesser Beckoning         Tloc           26%        N/A       1%          3
 Teleport Other           Tloc           26%        N/A       1%          3
 Anguish                  Hex/Necr       15%        N/A       2%          4
 Cause Fear               Hex            13%        N/A       6%          4
 Yara's Violent Unravell  Hex/Tmut       15%        3d8       10%         5
 Dispersal                Tloc           13%        N/A       67%         6
 Summon Hydra             Summ           18%        N/A       71%         7
 Storm Form               Tmut/Air       16%        N/A       88%         7
 Ozocubu's Refrigeration  Ice            16%        4d8       92%         7
 Enfeeble                 Hex            13%        N/A       99%         7
 Discord                  Hex            13%        N/A       100%        8
 Disjunction              Tloc           13%        N/A       100%        8
 Maxwell's Capacitive Co  Air            16%        ∞         100%        8


Dungeon Overview and Level Annotations

Branches:
Dungeon (12/15)            Temple (0/1) D:6            Lair (6/6) D:8
 Shoals (0/4) Lair:3       Spider (0/4) Lair:3        Slime (0/5) Lair:5
    Orc (2/2) D:9           Sewer (visited)         Gauntlet (1/1)
    Elf: Orc:2

Altars:
Ashenzari
Elyvilon
Gozag
Nemelex Xobeh
Uskayaw
Xom

Shops:
D:3 ?   D:5 !!(

Annotations:
D:4 2 transporters, zeratav's ghost, amateur KoFi
D:6 Dowan; Duvessa
D:8 exclusions: centaur and steam dragon
D:10 2 transporters, exclusion: two-headed ogre, Patoropollo's ghost, journeyman MiFi
D:11 exclusions: boulder beetle, 4 doors, downstairs and sensed monster (detected) Gauntlet 8 transporters


Innate Abilities, Weirdness & Mutations

You have very sharp teeth.
Your uncanny sense of smell can sniff out nearby items.
Your experience applies equally to all skills.


Message History

The shadow imp closely misses you.
The reaper hits you with a +1 vorpal scythe!
* * * LOW HITPOINT WARNING * * *
x2 You feel better.
The reaper completely misses you. The shadow imp misses you.
You closely miss the reaper.
The reaper is severely wounded.
You feel better.
Your lightning spire disappears in a puff of smoke!
The hellwing swoops through the air toward you!
The hellwing completely misses you.
The hellwing hits you but does no damage.
The reaper hits you with a +1 vorpal scythe!!
* * * LOW HITPOINT WARNING * * *
x2 The shadow imp hits you but does no damage.
Okay, then.
Blink to where?
Press: ? - help, Dir - move target Your icy armour will break if you move.
Continue?
Your icy armour cracks and falls away as you move.
As you read the scroll of blinking, it crumbles to dust.
You see here a scroll of teleportation {@r4}.
You feel better.
Okay, then.
There is a transporter here.
The reaper says, "Everyone has to die sometime, and your time is now."
You see here the ring of Lady Luck {rC- Will++ AC+4 Dex+3}.
p - the ring of Lady Luck {rC- Will++ AC+4 Dex+3} The reaper closely misses you.
The reaper hits you with a +1 vorpal scythe!
* * * LOW HITPOINT WARNING * * *
x2
There is a transporter, spattered with blood here.
Okay, then.
Aiming: Charm
Press: ? - help, Shift-Dir - straight line, f - reaper
Aim: a reaper, wielding a +1 vorpal scythe (severely wounded, very poisoned, chance to affect: 11%)
Okay, then.
Okay, then.
You enter the transporter and appear at another place.
The reaper hits you with a +1 vorpal scythe!!
You die...

#.##..4##.#...≈#
#.........#...##
###########...≈#
..............## ### **
.....8.....8.####.. ,,,
, .............≈##..###
.#########...##..... ,
8 .#..8#855#...#....#
,, *
##...8..[#...#.8@2#,*,*
* * *
.#8.858..#...#....# ,
*8,8 8
©##8.©58©#.8.#.8©.# *
,, ,
.#8.8.8.5#...#....#, ,
, ,8*
##...855p#...#.8©.#, *
* .#..8#85p#...#....#,
,, ,
.#########...##.... ,,,
.............≈##..# , *
.....8.....8.####. , ,


You could see a reaper (very poisoned).

Vanquished Creatures
  Gastronok (Lair:1)
  3 hydras
  7 death yaks
  A lindwurm (Lair:5)
  An ugly thing (D:11)
  12 elephants
  An orc sorcerer (D:9)
  An oklob plant (Lair:5)
  A black mamba (Lair:4)
  An apocalypse crab (Gauntlet)
  Joseph (D:9)
  12 cane toads
  6 komodo dragons
  2 polar bears
  4 hornets
  7 blink frogs
  Grinder (D:6)
  A snapping turtle (Lair:3)
  Sigmund (D:5)
  A shadow (D:10)
  6 wyverns
  A wraith (D:11)
  37 yaks
  3 steam dragons
  3 vampire mosquitoes (D:11)
  2 basilisks
  A warg (Orc:1)
  Edmund (D:6)
  2 acid dragons
  11 water moccasins
  4 orc warriors
  An ice beast (D:7)
  A black bear (D:7)
  16 wolves
  An ogre (D:3)
  2 centaurs
  2 phantoms
  Blork the orc (D:5)
  2 kobold brigands
  8 bullfrogs
  2 gnoll sergeants (D:9)
  2 necrophages (D:5)
  5 scorpions
  10 killer bees (D:7)
  4 howler monkeys (D:7)
  An electric eel (Lair:3)
  A hound (D:4)
  A jelly (D:6)
  5 orc priests
  4 iguanas
  11 orc wizards
  7 adders
  12 gnolls
  A shadow imp (D:6)
  3 ufetubi
  A worm (D:3)
  A dart slug (D:1)
  35 orcs
  5 endoplasms
  5 giant cockroaches
  5 goblins
  5 hobgoblins
  2 jackals (Sewer)
  11 kobolds
  2 quokkas (D:6)
  5 ball pythons
  9 bats
  2 frilled lizards
  3 rats
330 creatures vanquished.

Vanquished Creatures (collateral kills)
  2 death yaks
  Amaemon (Lair:1)
  3 oklob plants (Lair:5)
  An orange demon (Lair:1)
  A komodo dragon (Lair:5)
  9 yaks
  A basilisk (Lair:3)
  2 water moccasins
  A wolf (Lair:4)
  A bullfrog (Lair:5)
  A bush (Lair:5)
23 creatures vanquished.

Vanquished Creatures (others)
  29 fungi
  37 plants
  3 snaplasher vines
  4 withered plants (Gauntlet)
73 creatures vanquished.

Grand Total: 426 creatures vanquished

Notes
Turn   | Place    | Note
-------+----------+-------------------------------------------
     0 | D:1      | freelancePsychic the Gnoll Wanderer began the quest for the
                  | Orb.
     0 | D:1      | freelancePsychic set off with the following items: a +0
                  | vorpal shortbow, a +0 mace, a +0 cloak, a scroll of fear, a
                  | +0 leather armour
     0 | D:1      | Reached XP level 1. HP: 17/17 MP: 4/4
   379 | D:1      | Reached XP level 2. HP: 16/23 MP: 5/5
   993 | D:2      | Reached XP level 3. HP: 28/28 MP: 7/7
  1074 | D:2      | Found a faded altar of an unknown god.
  1416 | D:2      | Reached skill level 1 in Invocations
  1646 | D:3      | Found Cisae's Magic Scroll Shoppe.
  1667 | D:3      | Reached skill level 1 in Short Blades
  1667 | D:3      | Reached skill level 1 in Long Blades
  1667 | D:3      | Reached skill level 1 in Axes
  1667 | D:3      | Reached skill level 1 in Polearms
  1667 | D:3      | Reached skill level 1 in Staves
  1667 | D:3      | Reached skill level 1 in Slings
  1667 | D:3      | Reached skill level 1 in Crossbows
  1667 | D:3      | Reached skill level 1 in Throwing
  1667 | D:3      | Reached skill level 1 in Armour
  1667 | D:3      | Reached skill level 1 in Shields
  1667 | D:3      | Reached skill level 1 in Unarmed Combat
  1667 | D:3      | Reached skill level 1 in Evocations
  1669 | D:3      | Bought a scroll of blinking for 82 gold pieces
  1669 | D:3      | Bought a scroll of identify for 22 gold pieces
  1669 | D:3      | Bought a scroll of magic mapping for 38 gold pieces
  1669 | D:3      | Bought a scroll of noise for 11 gold pieces
  1914 | D:3      | Reached XP level 4. HP: 34/34 MP: 8/8
  2242 | D:3      | Noticed an ogre
  2363 | D:3      | Killed an ogre
  2364 | D:3      | Reached skill level 1 in Conjurations
  2364 | D:3      | Reached skill level 1 in Hexes
  2364 | D:3      | Reached skill level 1 in Summonings
  2364 | D:3      | Reached skill level 1 in Necromancy
  2364 | D:3      | Reached skill level 1 in Translocations
  2364 | D:3      | Reached skill level 1 in Transmutations
  2364 | D:3      | Reached skill level 1 in Fire Magic
  2364 | D:3      | Reached skill level 1 in Ice Magic
  2364 | D:3      | Reached skill level 1 in Air Magic
  2364 | D:3      | Reached skill level 1 in Earth Magic
  2364 | D:3      | Reached skill level 1 in Poison Magic
  2364 | D:3      | Reached XP level 5. HP: 40/40 MP: 9/9
  2823 | D:4      | Found a transporter.
  2824 | D:4      | Noticed zeratav's ghost (amateur KoFi)
  2839 | D:4      | Found a transporter.
  3107 | D:4      | Reached XP level 6. HP: 47/47 MP: 9/11
  3175 | D:4      | Reached skill level 5 in Bows
  3448 | D:5      | Entered Level 5 of the Dungeon
  3984 | D:5      | Found Yrorr's Distillery.
  3994 | D:5      | Bought a potion of heal wounds for 55 gold pieces
  4001 | D:5      | Found a broken altar of Ashenzari.
  4042 | D:5      | Noticed Blork the orc
  4055 | D:5      | Reached XP level 7. HP: 52/52 MP: 12/12
  4061 | D:5      | Killed Blork the orc
  4062 | D:5      | Reached skill level 7 in Maces & Flails
  4484 | D:5      | Noticed Sigmund
  4706 | D:5      | Found Weloem's Distillery.
  4712 | D:5      | Bought a potion of curing for 33 gold pieces
  4747 | D:5      | Became a worshipper of Ashenzari the Shackled
  4800 | D:5      | Killed Sigmund
  4801 | D:5      | Reached skill level 5 in Stealth
  4862 | D:5      | Found a white marble altar of Elyvilon.
  4925 | D:5      | Found Gegenocicoo's Weapon Boutique.
  5099 | D:5      | Reached XP level 8. HP: 56/60 MP: 14/14
  5230 | D:6      | Noticed a hornet
  5239 | D:6      | Killed a hornet
  5299 | D:6      | Found a glowing drain.
  5320 | Sewer    | Entered a sewer
  5580 | D:6      | Learned a level 3 spell: Ozocubu's Armour
  5585 | D:6      | Learned a level 4 spell: Summon Lightning Spire
  5675 | D:6      | Noticed Edmund
  6320 | D:6      | Noticed Grinder
  6521 | D:7      | Reached XP level 9. HP: 57/66 MP: 16/16
  7450 | D:6      | Noticed Duvessa
  7450 | D:6      | Noticed Dowan
  7453 | D:6      | Found an opulent altar of Gozag.
  7463 | D:6      | Reached * piety under Ashenzari
  7722 | D:7      | Reached skill level 5 in Spellcasting
  8065 | D:8      | Found a sparkling altar of Nemelex Xobeh.
  8175 | D:8      | Noticed a hornet
  8192 | D:8      | Killed a hornet
  8193 | D:8      | Reached skill level 5 in Fighting
  8193 | D:8      | Reached skill level 5 in Dodging
  8201 | D:8      | Identified the cursed +2 cloak "Adversity of the Sky"
                  | {Comp, Fort}
  8261 | D:8      | Noticed a komodo dragon
  8333 | D:8      | Killed a komodo dragon
  8340 | D:8      | Found a staircase to the Lair.
  8716 | D:8      | Reached ** piety under Ashenzari
  8773 | D:8      | Reached skill level 8 in Maces & Flails
  8962 | D:9      | Noticed Joseph
  9807 | D:8      | Reached skill level 5 in Invocations
 10487 | D:9      | Killed Joseph
 10488 | D:9      | Reached XP level 10. HP: 46/77 MP: 20/20
 10631 | D:9      | Found a staircase to the Orcish Mines.
 10881 | Orc:1    | Entered Level 1 of the Orcish Mines
 10881 | Orc:1    | Noticed an orc sorcerer
 10885 | Orc:1    | Reached skill level 5 in Short Blades
 10885 | Orc:1    | Reached skill level 5 in Long Blades
 10885 | Orc:1    | Reached skill level 5 in Axes
 10885 | Orc:1    | Reached skill level 5 in Polearms
 10885 | Orc:1    | Reached skill level 5 in Staves
 10885 | Orc:1    | Reached skill level 5 in Slings
 10885 | Orc:1    | Reached skill level 5 in Crossbows
 10885 | Orc:1    | Reached skill level 5 in Throwing
 10885 | Orc:1    | Reached skill level 5 in Armour
 10885 | Orc:1    | Reached skill level 5 in Shields
 10885 | Orc:1    | Reached skill level 5 in Unarmed Combat
 10885 | Orc:1    | Reached skill level 5 in Evocations
 10888 | Orc:1    | Noticed a rust devil
 11015 | D:9      | Killed an orc sorcerer
 11173 | Orc:2    | Entered Level 2 of the Orcish Mines
 11179 | Orc:2    | Noticed an orc high priest
 11254 | Orc:2    | Noticed a rust devil
 11724 | D:6      | Killed Grinder
 11810 | D:6      | Killed Edmund
 11895 | D:6      | Found a staircase to the Ecumenical Temple.
 12247 | D:10     | Entered Level 10 of the Dungeon
 12278 | D:10     | Paralysed by a hornet for 2 turns
 12322 | D:10     | Found a hide-covered altar of Uskayaw.
 12323 | D:10     | Found a shimmering altar of Xom.
 12333 | D:10     | Noticed a two-headed ogre
 12344 | D:10     | Reached *** piety under Ashenzari
 12490 | D:10     | Found a transporter.
 12493 | D:10     | Noticed Patoropollo's ghost (journeyman MiFi)
 12497 | D:10     | Noticed a moth of wrath
 12521 | D:10     | Found a transporter.
 12540 | D:10     | Identified the +0 robe "Niffecaj" {*Slow Dex+4 Archmagi}
 13423 | D:11     | Noticed a boulder beetle
 13459 | D:11     | Reached XP level 11. HP: 66/86 MP: 16/23
 13470 | D:11     | Reached skill level 9 in Maces & Flails
 13519 | D:11     | Noticed a boulder beetle
 13538 | D:11     | Reached skill level 5 in Conjurations
 13538 | D:11     | Reached skill level 5 in Hexes
 13538 | D:11     | Reached skill level 5 in Summonings
 13538 | D:11     | Reached skill level 5 in Necromancy
 13538 | D:11     | Reached skill level 5 in Translocations
 13538 | D:11     | Reached skill level 5 in Transmutations
 13538 | D:11     | Reached skill level 5 in Fire Magic
 13538 | D:11     | Reached skill level 5 in Ice Magic
 13538 | D:11     | Reached skill level 5 in Air Magic
 13538 | D:11     | Reached skill level 5 in Earth Magic
 13538 | D:11     | Reached skill level 5 in Poison Magic
 13538 | D:11     | Noticed a purple ugly thing
 13554 | D:11     | Killed a purple ugly thing
 13844 | D:11     | Noticed a five-headed hydra
 14175 | D:12     | Noticed a five-headed hydra
 14431 | Lair:1   | Entered Level 1 of the Lair of Beasts
 14457 | Lair:1   | Noticed a six-headed hydra
 14463 | Lair:1   | Killed a six-headed hydra
 14500 | Lair:1   | Noticed Gastronok
 14519 | Lair:1   | Killed Gastronok
 14693 | Lair:1   | Noticed Amaemon
 14705 | Lair:1   | Killed Amaemon
 15305 | Lair:1   | Reached XP level 12. HP: 94/94 MP: 24/24
 15820 | Lair:2   | Reached **** piety under Ashenzari
 16834 | Lair:2   | Learned a level 5 spell: Summon Forest
 16936 | Lair:3   | Found a hole to the Spider Nest.
 17194 | Lair:3   | Reached skill level 10 in Maces & Flails
 17818 | Lair:3   | Found a staircase to the Shoals.
 18428 | Lair:4   | Reached XP level 13. HP: 87/104 MP: 27/27
 19254 | Lair:4   | Upgraded the game from 0.29-a0-483-g69413ace17 to
                  | 0.29-a0-490-g77b3608bb8
 20171 | Lair:5   | Found a staircase to the Slime Pits.
 20468 | Lair:6   | Entered Level 6 of the Lair of Beasts
 20485 | Lair:6   | HP: 2/106 [death yak (20)]
 20492 | Lair:6   | Found a gate leading to a gauntlet.
 20527 | Lair:6   | Reached skill level 11 in Maces & Flails
 20527 | Lair:6   | Reached skill level 10 in Bows
 20527 | Lair:6   | Reached XP level 14. HP: 37/113 MP: 25/29
 20586 | Gauntlet | Entered a Gauntlet
 20586 | Gauntlet | Found a transporter.
 20633 | Gauntlet | Found a transporter.
 20648 | Gauntlet | Identified the ring "Wowaun" {rCorr Str+4}
 20651 | Gauntlet | Found a transporter.
 20652 | Gauntlet | Found a transporter.
 20655 | Gauntlet | Noticed a reaper
 20662 | Gauntlet | Found a transporter.
 20662 | Gauntlet | Identified the ring of Lady Luck {rC- Will++ AC+4 Dex+3}
 20682 | Gauntlet | Found a transporter.
 20685 | Gauntlet | Found a transporter.
 20689 | Gauntlet | Found a transporter.
 20689 | Gauntlet | Identified the amulet of Dim Light {Reflect rN+ Str+4 SH+5}
 20715 | Gauntlet | Found a transporter.
 20739 | Gauntlet | Found a transporter.
 20741 | Gauntlet | Found a transporter.
 20749 | Gauntlet | Found a transporter.
 20770 | Gauntlet | Found the +0 mask of the Dragon {Will+ Slay+3 SInv}
 20832 | Gauntlet | Learned a level 6 spell: Eringya's Noxious Bog
 20875 | Gauntlet | Mangled by a reaper

Illustrated notes

Levels and vault maps discovered:
D:1:      nicolae_arrival_washed_ashore, layout_loops_corners
D:2:      layout_basic, nicolae_ecumenical_oubliette
D:3:      layout_loops_cross, serial_shops, nicolae_shop_trees, minmay_bisected
D:4:      layout_basic, gammafunk_ghost_stat_death
D:5:      layout_rooms, general_overflow_altar, nicolae_overflow_crystal_walls,
          serial_shops, nicolae_shop_crystal, shop, nicolae_shop_hallway_plus,
          uniq_sigmund, uniq_blork_the_orc
D:6:      layout_basic, nicolae_overflow_hidden_temple,
          minmay_temple_entry_hall, portal_sewer_entry_f, uniq_duvessa,
          uniq_grinder, uniq_edmund
D:7:      layout_cave_pods, grunt_decor_fettered
D:8:      layout_rooms, kennysheep_mini, david_lair_shrubbed
D:9:      cheibrodos_iron_armory, layout_cave_pools, minmay_misc_feat_alley,
          uniq_joseph
D:10:     layout_long_grid, chequers_temple_overflow_statue_of_worship,
          gammafunk_ghost_berserking_beasts, minmay_misc_feat_ornament
D:11:     layout_stronghold
D:12:     layout_cave_pools, serial_shops, nicolae_take_the_stairs,
          serial_glass, glass_columns_c, glass_columns_a, uniq_frances,
          uniq_snorg
Lair:1:   layout_gridlike, uniq_gastronok, uniq_amaemon
Lair:2:   layout_layer_cave, grunt_megastairs_4, lemuel_fruit_fields,
          serial_bayou_shore_a
Lair:3:   layout_layer_cave, minmay_shoals_entry_hut,
          spider_nest_entry_web_field, serial_bayou_pond_a,
          chequers_serial_rivers_room_a, st_stairs_11
Lair:4:   layout_small_grid, serial_bayou_pond_d, serial_bayou_pond_d,
          grunt_megastairs_1
Lair:5:   layout_small_grid, minmay_slime_entry_oklob_enclosed,
          minmay_hedge_maze
Lair:6:   gammafunk_lair_ancient_temple, layout_loops_ring,
          gauntlet_entry_generic, nzn_masters_of_martial_movement
Orc:1:    layout_diamond_mine
Orc:2:    st_orc_mages, layout_caves, uniq_jorgrun
Gauntlet: minmay_gauntlet_mixed_oops_all_seconds
          [minmay_gauntlet_arena_77_chump_sandwich,
          gammafunk_gauntlet_arena_split_diamond,
          minmay_gauntlet_arena_77_museum, gammafunk_gauntlet_arena_corners,
          minmay_gauntlet_arena_77_terracotta_army,
          gammafunk_gauntlet_arena_spirals,
          nicolae_gauntlet_exit_dead_adventurers]

Skill      XL: |  1  2  3  4  5  6  7  8  9 10 11 12 13 |
---------------+----------------------------------------+-----
Invocations    | 1 2 3 4 5 6 7 8 9 |  9.7
Short Blades   | 1 2 3 4 5 6 7 8 |  8.9
Long Blades    | 1 2 3 4 5 6 7 8 |  8.9
Axes           | 1 2 3 4 5 6 7 8 |  8.9
Polearms       | 1 2 3 4 5 6 7 8 |  8.9
Staves         | 1 2 3 4 5 6 7 8 |  8.9
Slings         | 1 2 3 4 5 6 7 8 |  8.9
Crossbows      | 1 2 3 4 5 6 7 8 |  8.9
Throwing       | 1 2 3 4 5 6 7 8 |  8.9
Armour         | 1 2 3 4 5 6 7 8 |  8.9
Shields        | 1 2 3 4 5 6 7 8 |  8.9
Unarmed Combat | 1 2 3 4 5 6 7 8 |  8.9
Evocations     | 1 2 3 4 5 6 7 8 |  8.9
Spellcasting   | 3 4 5 6 7 8 9 |  9.4
Conjurations   | 1 2 3 4 5 6 7 |  7.4
Hexes          | 1 2 3 4 5 6 7 |  7.4
Summonings     | 1 2 3 4 5 6 7 |  7.4
Necromancy     | 1 2 3 4 5 6 7 |  7.4
Translocations | 1 2 3 4 5 6 7 |  7.4
Transmutations | 1 2 3 4 5 6 7 |  7.4
Fire Magic     | 1 2 3 4 5 6 7 |  7.4
Ice Magic      | 1 2 3 4 5 6 7 |  7.4
Air Magic      | 1 2 3 4 5 6 7 |  7.4
Earth Magic    | 1 2 3 4 5 6 7 |  7.4
Poison Magic   | 1 2 3 4 5 6 7 |  7.4
Fighting       | 3 4 5 6 7 8 9 |  9.3
Dodging        | 3 4 5 6 7 8 9 |  9.3
Bows           | 5 6 7 8 9 10 | 10.1
Maces & Flails | 7 8 9 10 11 | 11.1
Stealth        | 5 6 7 8 9 |  9.9

Action                   |  1- 3 |  4- 6 |  7- 9 | 10-12 | 13-15 || total
-------------------------+-------+-------+-------+-------+-------++-------
Melee: Demon whip        |       |       |       |   431 |   438 ||   869
       Bite              |       |       |       |    78 |    87 ||   165
       Punch             |       |       |       |    37 |    47 ||    84
       Whip              |       |       |       |     8 |       ||     8
 Fire: Shortbow          |    77 |    97 |   454 |   281 |       ||   909
       Longbow           |       |       |       |    82 |       ||    82
Throw: Dart              |       |       |     2 |       |       ||     2
 Cast: Ozocubu's Armour  |       |       |       |     6 |     8 ||    14
       Summon Lightning  |       |       |       |     9 |    11 ||    20
       Summon Forest     |       |       |       |     3 |     6 ||     9
Invok: Curse Item        |       |       |     3 |     5 |     1 ||     9
       Shatter the Chain |       |       |       |     2 |       ||     2
Evoke: Wand              |       |       |     6 |       |     1 ||     7
  Use: Scroll            |     2 |     7 |     8 |     7 |     3 ||    27
       Potion            |       |     2 |     3 |     2 |     9 ||    16
 Stab: Sleeping          |       |       |       |    11 |     6 ||    17
       Distracted        |       |       |       |     4 |     5 ||     9
Armor: Leather armour    |     9 |    14 |    76 |     2 |       ||   101
       Skin              |       |       |    19 |       |       ||    19
       Acid dragon scale |       |       |       |   232 |   148 ||   380
Dodge: Dodged            |    24 |    45 |   185 |   523 |   360 ||  1137

Table legend: (Time is in decaauts)
 A = Elapsed time spent in this place.
 B = Non-inter-level travel time spent in this place.
 C = Inter-level travel time spent in this place.
 D = Time resting spent in this place.
 E = Time spent auto-exploring this place.
 F = Levels seen in this place.
 G = Mean time per level.
                   A        B        C        D        E       F      G
               +--------+--------+--------+--------+--------+-----+--------+
         Total |  21146 |  20039 |   1107 |   3142 |  13426 |  22 |  961.2 |
       Dungeon |  14287 |  13363 |    924 |   2943 |   8229 |  12 | 1190.6 |
          Lair |   6150 |   5992 |    158 |    192 |   4784 |   6 | 1025.0 |
  Orcish Mines |    303 |    278 |     25 |      6 |    153 |   2 |  151.5 |
         Sewer |    111 |    111 |      0 |      0 |     79 |   1 |  111.0 |
      Gauntlet |    294 |    294 |      0 |      0 |    180 |   1 |  294.0 |
               +--------+--------+--------+--------+--------+-----+--------+

Top non-repeatable levels by time:
     D:8: 2399 daAuts
     D:7: 1727 daAuts
     D:4: 1668 daAuts
     D:6: 1654 daAuts
  Lair:2: 1321 daAuts
     D:9: 1265 daAuts
  Lair:3: 1252 daAuts
  Lair:5: 1200 daAuts
  Lair:1: 1156 daAuts
  Lair:4: 1140 daAuts
     D:5: 1130 daAuts
    D:11: 1039 daAuts
    D:10: 977 daAuts
     D:1: 873 daAuts
     D:3: 808 daAuts
